 Dungeon Crawl Stone Soup version 0.31.0-11-ge490571c62 (webtiles) character file.

Game seed: 5149494384668078052

224 hawla the Conjurer (level 5, -2/28 HPs)
             Began as a Deep Elf Fire Elementalist on Jan 31, 2024.
             Slain by a kobold
             ... wielding a +0 whip
              (3 damage)
             ... in a sewer.
             The game lasted 00:06:27 (2693 turns).

hawla the Conjurer (Deep Elf Fire Elementalist)     Turns: 2693, Time: 00:06:27

Health: -2/28      AC:  2    Str:  5    XL:     5   Next: 67%
Magic:  4/12       EV: 12    Int: 26    God:
Gold:   94         SH:  0    Dex: 15    Spells: 4/11 levels left

rFire   . . .        d - +6 trident of Beogh, Keeping {speed, Int+4}
rCold   . . .        (no shield)
rNeg    . . .        a - +0 robe
rPois   .            (no helmet)
rElec   .            (no cloak)
rCorr   .            (no gloves)
SInv    .            (no boots)
Will    .....        (no amulet)
Stlth   ++           (no ring)
HPRegen 0.24/turn    (no ring)
MPRegen 0.13/turn

%: no passive effects
@: attractive, very slightly contaminated
A: no striking features
a: no special abilities


You were in a sewer.
You visited 1 branch of the dungeon, and saw 3 of its levels.
You also visited: Sewer.

You collected 94 gold pieces.

Inventory:

Hand Weapons
 d - the +6 trident of Beogh, Keeping (weapon) {speed, Int+4}
   (You found it on level 2 of the Dungeon)

   Int+4:     It affects your intelligence (+4).
Armour
 a - a +0 robe (worn)
Jewellery
 f - a ring of resist corrosion
 h - a ring of see invisible
Scrolls
 k - a scroll of teleportation {unknown}
 l - a scroll of fear
 m - a scroll of summoning {unknown}
 n - a scroll of immolation {unknown}
Potions
 b - a potion of magic
 c - 2 potions of curing
 e - a potion of invisibility
 i - a potion of berserk rage


   Skills:
 - Level 2.0 Polearms
 - Level 2.4 Dodging
 - Level 2.4 Stealth
 + Level 3.8 Spellcasting
 - Level 5.0 Conjurations
 - Level 3.2 Fire Magic


You had 4 spell levels left.
You knew the following spells:

 Your Spells              Type           Power      Damage    Failure   Level
a - Foxfire               Conj/Fire      100%       2x1d9     1%          1
b - Scorch                Fire           44%        2d6       3%          2
c - Flame Wave            Conj/Fire      26%        2d8       16%         4

Your spell library contained the following spells:

 Spells                   Type           Power      Damage    Failure   Level
 Inner Flame              Hex/Fire       13%        N/A       13%         3
 Volatile Blastmotes      Fire/Tloc      26%        2d12      13%         3
 Summon Forest            Summ/Tloc      2%         N/A       94%         5
 Summon Mana Viper        Hex/Summ       4%         N/A       94%         5
 Summon Cactus Giant      Summ           2%         N/A       100%        6


Dungeon Overview and Level Annotations

Branches:
Dungeon (3/15)              Sewer (1/1)

Altars:


Message History

Found a scroll labelled NES KEQOZYLI.
The kobold barely misses you.
The jackal bites you but does no damage. x2
The kobold hits you with a +0 whip.
You puncture the jackal!
You kill the jackal!
The jackal bites you.
The jackal splashes around in the water.
The kobold barely misses you.
Casting: Scorch (safe; 3% risk of failure)
Confirm with . or Enter, or press ? or * to list all spells.
Casting: Flame Wave (extremely dangerous; 16% risk of failure)
Press: ? - help, Dir - look around, f - activate You miscast Flame Wave.
You are very lightly contaminated with residual magic.
The air around you crackles with energy!
The jackal misses you. The jackal bites you. x2
The kobold hits you but does no damage.
Casting: Flame Wave (extremely dangerous; 16% risk of failure)
Confirm with . or Enter, or press ? or * to list all spells.
Casting: Flame Wave (extremely dangerous; 16% risk of failure)
Press: ? - help, Dir - look around, f - activate You miscast Flame Wave.
Energy rips through your body!
* * * LOW HITPOINT WARNING * * *
The jackal barely misses you. The jackal bites you.
* * * LOW HITPOINT WARNING * * *
The kobold barely misses you. The jackal bites you.
* * * LOW HITPOINT WARNING * * *
You feel better. The jackal misses you.
The jackal splashes around in the water.
The kobold hits you with a +0 whip.
* * * LOW HITPOINT WARNING * * *
The jackal bites you.
* * * LOW HITPOINT WARNING * * *
It was a potion of attraction.
You feel attractive to monsters. The jackal bites you.
* * * LOW HITPOINT WARNING * * *
The jackal completely misses you. The kobold hits you with a +0 whip.
You die...

### #~#
######~#
#...##~##
#.∩.#.~.#
#.∩...~.# .
#.....~~###...
######~.~~~...
#....@~.###.~.
#...hKh.# .
#.....~.#
#....#~##
#...##~# #...
#~# ##.# #~#
#? ###


You could see 2 jackals and a kobold.

Vanquished Creatures
  A bombardier beetle (D:3)
  An orc wizard (D:3)
  Natasha (D:3)
  A river rat (D:3)
  5 adders
  A ribbon worm (D:3)
  4 dart slugs
  5 orcs
  3 ball pythons
  2 endoplasms
  6 giant cockroaches
  3 hobgoblins (D:1)
  8 jackals
  3 quokkas
  4 bats
  4 frilled lizards
  8 goblins
  5 kobolds (D:2)
  4 rats
69 creatures vanquished.

Vanquished Creatures (others)
  64 foxfires
64 creatures vanquished.

Grand Total: 133 creatures vanquished

Notes
Turn   | Place    | Note
-------+----------+-------------------------------------------
     0 | D:1      | hawla the Deep Elf Fire Elementalist began the quest for
                  | the Orb.
     0 | D:1      | Reached XP level 1. HP: 10/10 MP: 6/6
   196 | D:1      | Reached skill level 2 in Conjurations
   352 | D:1      | Reached XP level 2. HP: 4/15 MP: 4/8
   724 | D:1      | Reached skill level 3 in Conjurations
   924 | D:2      | Reached XP level 3. HP: 19/19 MP: 5/9
  1078 | D:2      | Identified the +6 trident of Beogh, Keeping {speed, Int+4}
  1145 | D:2      | Reached skill level 4 in Conjurations
  1224 | D:2      | Reached XP level 4. HP: 15/24 MP: 10/10
  1227 | D:2      | Learned a level 2 spell: Scorch
  2115 | D:3      | Reached skill level 5 in Conjurations
  2177 | D:3      | Noticed Natasha
  2183 | D:3      | Killed Natasha
  2184 | D:3      | Reached skill level 1 in Polearms
  2184 | D:3      | Reached XP level 5. HP: 14/28 MP: 11/11
  2189 | D:3      | Learned a level 4 spell: Flame Wave
  2670 | D:3      | Found a glowing drain.
  2677 | Sewer    | Entered a sewer
  2691 | Sewer    | HP: 1/28 [jackal (2)]
  2693 | Sewer    | Slain by a kobold

Illustrated notes

Levels and vault maps discovered:
D:1:      mrwooster_arrival_statue, layout_loops_ring
D:2:      minmay_chambers_of_ones, layout_basic
D:3:      layout_loops_ring, gup_sewer_entry_bubbles, uniq_natasha
Sewer:    sewer_the_crocodile

Skill      XL: |  1  2  3  4  5 |
---------------+----------------+-----
Conjurations   | 2 3 4 5 |  5.0
Polearms       | 1 2 |  2.0
Dodging        | |  2.4
Stealth        | |  2.4
Spellcasting   | |  3.8
Fire Magic     | |  3.2

Action                     |  1- 3 |  4- 6 || total
---------------------------+-------+-------++-------
  Melee: Unarmed           |     8 |       ||     8
         Trident           |    23 |    90 ||   113
   Cast: Foxfire           |    32 |     5 ||    37
         Scorch            |       |     5 ||     5
    Use: Scroll            |     3 |     3 ||     6
         Potion            |       |     2 ||     2
   Stab: Sleeping          |     4 |     3 ||     7
         Distracted        |       |     1 ||     1
 Armour: Robe              |     9 |    39 ||    48
  Dodge: Dodged            |    26 |    26 ||    52
